 Dungeon Crawl Stone Soup version 0.29.1-13-g9f3cf754e1 (webtiles) character file.

Game seed: 6423326760916642507

98 Rikuski the Poker (level 4, -3/41 HPs)
             Began as a Minotaur Chaos Knight on Jan 27, 2023.
             Was a Plaything of Xom.
             Slain by a swamp dragon (glowing shapeshifter) (4 damage)
             ... on level 3 of the Dungeon.
             The game lasted 00:08:11 (2021 turns).

Rikuski the Poker (Minotaur Chaos Knight)           Turns: 2021, Time: 00:08:11

Health: -3/41      AC:  5    Str: 18    XL:     4   Next: 44%
Magic:  3/3        EV: 15    Int:  9    God:    Xom [....*.]
Gold:   128        SH:  0    Dex: 10    Spells: 3/3 levels left

rFire   . . .      SeeInvis .   a - +0 spear (chaos)
rCold   . . .      Faith    .   (no shield)
rNeg    . . .      Spirit   .   b - +2 leather armour
rPois   .          Reflect  .   (helmet restricted)
rElec   .          Harm     .   (no cloak)
rCorr   .          Rampage  .   (no gloves)
Will    .....                   (no boots)
Stlth   +.........              (no amulet)
HPRegen 0.13/turn               j - +4 ring of evasion
MPRegen 0.08/turn               (no ring)

@: no status effects
A: horns 2, retaliatory headbutt
a: Renounce Religion


You were on level 3 of the Dungeon.
You worshipped Xom.
You were a beloved toy of Xom.
You visited 1 branch of the dungeon, and saw 3 of its levels.

You collected 128 gold pieces.

Inventory:

Hand Weapons
 a - a +0 spear of chaos (weapon)
Armour
 b - a +2 leather armour (worn)
Jewellery
 j - a +4 ring of evasion (left hand)
Scrolls
 e - a scroll of enchant armour {unknown}
 f - a scroll of blinking {unknown}
 g - a scroll of noise {unknown}
 h - a scroll of immolation {unknown}
 i - a scroll of summoning {unknown}
 n - 2 scrolls of identify {unknown}
 o - a scroll of torment {unknown}
Potions
 k - a potion of magic {unknown}
 l - a potion of flight {unknown}
 m - a potion of heal wounds {unknown}
 p - a potion of haste {unknown}
 q - a potion of invisibility {unknown}
Miscellaneous
 c - a piece from Xom's chessboard (15/15) (quivered)


   Skills:
 + Level 4.8 Fighting
 + Level 5.0 Polearms
 + Level 3.0 Armour
 + Level 1.2 Dodging
 + Level 0.1 Stealth


You had 3 spell levels left.
You didn't know any spells.
Your spell library was empty.

Dungeon Overview and Level Annotations

Branches:
Dungeon (3/15)

Altars:
Qazlal


Innate Abilities, Weirdness & Mutations

You have a pair of horns on your head.
You reflexively headbutt those who attack you in melee.


Message History

You barely miss the endoplasm. The endoplasm freezes you.
You are frozen.
The endoplasm hits you but does no damage.
You hit the endoplasm.
The endoplasm changes into a glowing shapeshifter!
Xom roars with laughter!
You headbutt the glowing shapeshifter. You punch the glowing shapeshifter.
The glowing shapeshifter is lightly wounded.
The glowing shapeshifter changes into a glowing orange brain!
You hit the glowing orange brain. You freeze the glowing orange brain.
The glowing orange brain is lightly wounded.
The glowing orange brain changes into a water nymph!
You closely miss the water nymph.
You headbutt the water nymph, but do no damage.
The water nymph closely misses you. You furiously retaliate!
You headbutt the water nymph.
The water nymph's watery aura covers the stone staircase leading down.
Splash!
You fall into the shallow water.
Moving in this stuff is going to be slow.
Your unstable footing causes you to fumble your attack.
The water nymph closely misses you.
Your unstable footing causes you to fumble your attack.
The water nymph changes into a swamp dragon!
You hit the swamp dragon. You burn the swamp dragon.
You headbutt the swamp dragon.
The swamp dragon is lightly wounded.
You feel yourself speed up. The swamp dragon bites you!
The swamp dragon claws you. The swamp dragon misses you.
You are too injured to fight recklessly!
You are too injured to fight recklessly!
You are too injured to fight recklessly!
You are too injured to fight recklessly!
The swamp dragon bites you!
* * * LOW HITPOINT WARNING * * *
The swamp dragon claws you.
You die...
Xom bursts into laughter!

## #### #########....
...# #..<......#
####.#.#### #.###.#####
#..........
##.##...#######.##.....#
.........##.....@.†....#
##.##...........#D>....#
# #.###.##.#####.....##
#. #....# #..##.# #.
#.#### #..# # #. ..##
#..# .# #.># ....


You could see a swamp dragon shaped shifter.

Vanquished Creatures
  Natasha (D:3)
  2 worms (D:2)
  3 dart slugs
  8 ball pythons
  2 endoplasms
  2 giant cockroaches (D:2)
  8 hobgoblins
  2 jackals (D:1)
  3 kobolds
  2 quokkas
  5 bats
  4 frilled lizards
  4 goblins
  16 rats
62 creatures vanquished.

Vanquished Creatures (collateral kills)
  A frilled lizard (D:1)
  A rat (D:1)
2 creatures vanquished.

Vanquished Creatures (others)
  A quokka zombie (D:1)
  2 demonic plants (D:2)
3 creatures vanquished.

Grand Total: 67 creatures vanquished

Notes
Turn   | Place    | Note
-------+----------+-------------------------------------------
     0 | D:1      | Rikuski the Minotaur Chaos Knight began the quest for the
                  | Orb.
     0 | D:1      | Reached XP level 1. HP: 19/19 MP: 0/0
   106 | D:1      | Reached skill level 4 in Polearms
   119 | D:1      | Reached XP level 2. HP: 18/27 MP: 1/1
   553 | D:1      | XOM: divination: detect items
   577 | D:1      | Reached XP level 3. HP: 33/33 MP: 2/2
  1478 | D:2      | XOM: silly message
  1718 | D:2      | Found a stormy altar of Qazlal.
  1756 | D:2      | Reached XP level 4. HP: 40/41 MP: 3/3
  1761 | D:2      | Found a faded altar of an unknown god.
  2000 | D:3      | Noticed Natasha
  2004 | D:3      | XOM: divination: detect creatures
  2012 | D:3      | Killed Natasha
  2013 | D:3      | Reached skill level 5 in Polearms
  2015 | D:3      | Noticed a glowing shapeshifter
  2015 | D:3      | an endoplasm changed into a glowing shapeshifter
  2015 | D:3      | Noticed a glowing orange brain
  2015 | D:3      | a glowing shapeshifter changed into a glowing orange brain
  2016 | D:3      | Noticed a water nymph
  2016 | D:3      | a glowing orange brain changed into a water nymph
  2019 | D:3      | Noticed a swamp dragon
  2019 | D:3      | a water nymph changed into a swamp dragon
  2021 | D:3      | HP: 1/41 [swamp dragon (glowing shapeshifter) (14)]
  2021 | D:3      | Slain by a swamp dragon (glowing shapeshifter)

Illustrated notes

Levels and vault maps discovered:
D:1:      tarquinn_simple_flora_water_c, layout_basic, minmay_misc_feat_five
D:2:      minmay_chambers_of_ones, layout_basic,
          dreamdust_ecumenical_altar_sealed_demon, basic_altar,
          minmay_rat_gold_closets
D:3:      layout_loops_ring, mrwooster_statue_mirror, uniq_terence, uniq_natasha

Skill      XL: |  1  2  3  4 |
---------------+-------------+-----
Polearms       | 4 5 |  5.0
Fighting       | 4 |  4.8
Armour         | 3 |  3.0
Dodging        | |  1.2
Stealth        | |  0.1

Action                   |  1- 3 |  4- 6 || total
-------------------------+-------+-------++-------
Melee: Spear             |   121 |    32 ||   153
       Headbutt          |    13 |     6 ||    19
       Punch             |     2 |     1 ||     3
  Use: Potion            |       |     2 ||     2
 Stab: Sleeping          |       |     1 ||     1
Armor: Leather armour    |    19 |     8 ||    27
Dodge: Dodged            |    36 |    20 ||    56
